 Dungeon Crawl Stone Soup version 0.28.0-53-g5a82cb258f (webtiles) character file.

Game seed: 2009784055742451447

121 Jerry the Chucker (level 4, 0/44 HPs)
             Began as a Troll Hunter on June 23, 2022.
             Slain by a ball python (3 damage)
             ... on level 4 of the Dungeon.
             The game lasted 00:05:02 (2837 turns).

Jerry the Chucker (Troll Hunter)                    Turns: 2837, Time: 00:05:03

Health: 0/44       AC:  4    Str: 20    XL:     4   Next: 76%
Magic:  3/3        EV: 10    Int:  7    God:
Gold:   154        SH:  0    Dex: 12    Spells: 3/3 levels left

rFire   . . .      SeeInvis .     - Unarmed
rCold   . . .      Faith    .   (no shield)
rNeg    . . .      Spirit   .   b - +0 robe
rPois   .          Reflect  .   (helmet restricted)
rElec   .          Harm     .   (no cloak)
rCorr   .          Rampage  .   (gloves unavailable)
Will    .....                   (boots unavailable)
Stlth   +.........              (no amulet)
HPRegen 0.94/turn               (no ring)
MPRegen 0.08/turn               (no ring)

@: no status effects
A: large, unfitting armour, claws 3, regeneration 1, shaggy fur 1, tough skin 1
a: no special abilities


You were on level 4 of the Dungeon.
You visited 1 branch of the dungeon, and saw 4 of its levels.

You collected 154 gold pieces.

Inventory:

Missiles
 c - 10 large rocks (quivered)
 d - 2 throwing nets
Armour
 b - a +0 robe (worn)
Jewellery
 f - a +4 ring of protection
Wands
 i - a wand of flame (8)
Scrolls
 a - a scroll of amnesia {unknown}
 e - a scroll of identify {unknown}
 g - a scroll of immolation {unknown}
 h - a scroll of vulnerability {unknown}


   Skills:
 + Level 2.3 Fighting
 + Level 4.1 Throwing
 + Level 2.3 Dodging
 - Level 0.3 Stealth
 * Level 2.4 Unarmed Combat


You had 3 spell levels left.
You didn't know any spells.
Your spell library contained the following spells:

 Spells                   Type           Power      Damage    Failure   Level
 Animate Armour           Summ/Erth      0%         N/A       99%         4
 Blade Hands              Tmut           0%         N/A       100%        5
 Iron Shot                Conj/Erth      0%         9d1       100%        6


Dungeon Overview and Level Annotations

Branches:
Dungeon (4/15)
 Temple: D:4-7

Altars:
Fedhas
Vehumet

Shops:
D:1 (

Annotations:
D:2 Sigmund
D:4 Dowan, Duvessa


Innate Abilities, Weirdness & Mutations

You are too large for most types of armour.
You have claws for hands.
Your natural rate of healing is unusually fast.
You are covered in fur. (AC +1)
You have tough skin. (AC +1)


Message History

You are too injured to fight recklessly!
Unknown command.
You are too injured to fight recklessly!
You are too injured to fight recklessly!
You are too injured to fight recklessly!
You scratch the scorpion.
The scorpion is severely wounded.
You feel sick. The scorpion closely misses you.
You scratch the scorpion but do no damage.
The scorpion is severely wounded.
You feel sick. The ball python closely misses you.
The scorpion stings you but does no damage.
You scratch the scorpion but do no damage.
The scorpion is heavily wounded.
You feel sick. The ball python closely misses you. The scorpion stings you.
* * * LOW HITPOINT WARNING * * *
The ball python bites you but does no damage.
You closely miss the scorpion.
The scorpion is heavily wounded.
You feel sick.
The scorpion stings you but does no damage.
The ball python bites you but does no damage.
You closely miss the scorpion.
The scorpion is heavily wounded.
You feel sick. The scorpion stings you.
* * * LOW HITPOINT WARNING * * *
The ball python bites you but does no damage.
You scratch the scorpion but do no damage.
The scorpion is heavily wounded.
You feel sick.
The scorpion stings you but does no damage.
The ball python bites you but does no damage.
You scratch the scorpion.
The scorpion is severely wounded.
You feel sick.
You are no longer poisoned.
The scorpion stings you.
* * * LOW HITPOINT WARNING * * *
The ball python bites you.
You die... #..
P.P

...##.. #..##..
.......
#...../#........
......#.........
#..............
#.............
......##.#s..........
......#..##@.........
...........S........
...................
#..........?......
#....###......#...
##...[#.#......#
##..>...........#
#..#...............
###.................


You could see a scorpion and a ball python.

Vanquished Creatures
  A hound (D:4)
  An adder (D:2)
  A gnoll (D:3)
  A worm (D:2)
  A dart slug (D:1)
  7 ball pythons
  8 bats
  3 endoplasms
  2 giant cockroaches
  6 goblins
  7 hobgoblins
  4 jackals (D:2)
  6 quokkas
  2 frilled lizards (D:2)
  4 kobolds
  4 rats
58 creatures vanquished.

Notes
Turn   | Place    | Note
-------+----------+-------------------------------------------
     0 | D:1      | Jerry the Troll Hunter began the quest for the Orb.
     0 | D:1      | Reached XP level 1. HP: 19/19 MP: 0/0
   138 | D:1      | Reached XP level 2. HP: 28/28 MP: 1/1
   193 | D:1      | Found Xeacs's Antique Weapon Boutique.
   215 | D:1      | Reached skill level 1 in Unarmed Combat
   438 | D:1      | Reached XP level 3. HP: 32/35 MP: 2/2
  1197 | D:2      | Reached skill level 4 in Throwing
  1330 | D:2      | Found a blossoming altar of Fedhas.
  1466 | D:2      | Reached XP level 4. HP: 35/42 MP: 3/3
  1803 | D:3      | Noticed Sigmund
  2198 | D:3      | Found a radiant altar of Vehumet.
  2696 | D:4      | Noticed Duvessa
  2697 | D:4      | Noticed Dowan
  2822 | D:4      | Noticed a scorpion
  2837 | D:4      | Slain by a ball python

Illustrated notes

Levels and vault maps discovered:
D:1:      roderic_octagonal_star, layout_basic, serial_shops, shop
D:2:      layout_loops_ring, basic_altar, dk_noncrumbling_2, minmay_puff
D:3:      layout_basic, vehumet_altar_wand_db, uniq_sigmund
D:4:      layout_cave_pools, minmay_temple_entry_gardened_gates,
          minmay_shop_damaged, uniq_duvessa

Skill      XL: |  1  2  3  4 |
---------------+-------------+-----
Unarmed Combat | 1 2 |  2.4
Fighting       | 2 |  2.3
Dodging        | 2 |  2.3
Throwing       | 4 |  4.1
Stealth        | |  0.3

Action                   |  1- 3 |  4- 6 || total
-------------------------+-------+-------++-------
Melee: Unarmed           |   131 |    40 ||   171
       Short sword       |     8 |       ||     8
       Punch             |       |     2 ||     2
Throw: Large rock        |       |     4 ||     4
 Stab: Sleeping          |     2 |     1 ||     3
Armor: Robe              |    66 |    14 ||    80
Dodge: Dodged            |    80 |    26 ||   106
